 Dungeon Crawl Stone Soup version 0.31-a0-325-g067879e3d3 (console) character file.

Game seed: 6469505224048180786

46 petzl the Sneak (level 3, 0/29 HPs)
             Began as a Formicid Delver on July 19, 2023.
             Killed by nerve-wracking pain
             ... invoked by an orc priest
              (8 damage)
             ... on level 6 of the Dungeon.
             The game lasted 00:03:44 (552 turns).

petzl the Sneak (Formicid Delver)                    Turns: 552, Time: 00:03:44

Health: 0/29       AC:  5    Str: 16    XL:     3   Next: 95%
Magic:  7/7        EV: 12    Int: 11    God:
Gold:   39         SH:  0    Dex: 15    Spells: 8/8 levels left

rFire   . . .        a - +0 mace
rCold   . . .        (no shield)
rNeg    . . .        b - +0 leather armour
rPois   .            (helmet unavailable)
rElec   .            (no cloak)
rCorr   .            h - +0 pair of gloves
SInv    +            g - +0 pair of boots
Will    .....        (no amulet)
Stlth   +++          (no ring)
HPRegen 0.24/turn    (no ring)
MPRegen 0.10/turn

%: no passive effects
@: no status effects
A: permanent stasis, dig shafts and tunnels, antennae 3, four strong arms
a: Dig, Shaft Self


You were on level 6 of the Dungeon.
You visited 2 branches of the dungeon, and saw 4 of its levels.

You collected 39 gold pieces.

Inventory:

Hand Weapons
 a - a +0 mace (weapon)
Armour
 b - a +0 leather armour (worn)
 g - a +0 pair of boots (worn)
 h - a +0 pair of gloves (worn)
Wands
 f - a wand of digging (3)
Scrolls
 c - a scroll of fog
 d - a scroll of revelation
 e - a scroll of fear


   Skills:
 - Level 3.2 Fighting
 - Level 2.0 Maces & Flails
 - Level 1.7 Dodging
 - Level 6.0 Stealth
 + Level 3.2 Spellcasting


You had 8 spell levels left.
You didn't know any spells.
Your spell library was empty.

Dungeon Overview and Level Annotations

Branches:
Dungeon (7/15)             Temple (1/1) D:5

Altars:
Dithmenos
Gozag
Kikubaaqudgha
Makhleb
Nemelex Xobeh
Okawaru
Qazlal
Wu Jian
Yredelemnul
The Shining One

Annotations:
D:6 exclusion: gnoll
D:7 exclusion: steam dragon


Innate Abilities, Weirdness & Mutations

You cannot be hasted, slowed, berserked, paralysed or teleported.
You can dig through walls and to a lower floor.
You have a pair of large antennae on your head. (SInv)
Your four strong arms can wield two-handed weapons with a shield.


Message History

Found a scroll labelled KAKHAH LISHUNU.
The jelly quivers.
You hit the jelly.
Your hands burn!
The jelly is moderately wounded.
The jelly hits you.
You are splashed with acid!
You sock the jelly! The acid corrodes you!
Your hands burn!
* * * LOW HITPOINT WARNING * * *
The jelly is severely wounded.
The jelly barely misses you.
You hit the jelly.
You kill the jelly!
Your life force feels restored.
Your Spellcasting skill increases to level 3!
You have reached level 3!
Your experience leads to an increase in your attributes!
Increase (S)trength, (I)ntelligence, or (D)exterity?
You feel clever. x2
You start resting.
You are no longer corroded.
You start resting.
Magic restored.
You start resting.
HP restored.
An orc and an orc priest come into view.
The orc wizard shouts!
The orc wizard casts a spell.
The orc wizard flickers and vanishes for a moment.
The orc shouts!
The orc priest shouts!
You hear an angry hiss.
The orc priest calls down the wrath of Beogh upon you.
Beogh smites you!
Found a rapier.
The orc priest misses you.
The orc priest attacks as you move away!
The orc priest closely misses you.
The orc priest mumbles some strange prayers to Beogh against you.
Beogh smites you!
* * * LOW HITPOINT WARNING * * *
Found an orange potion.
The orc priest invokes the aid of Beogh against you.
Pain shoots through your body!
You die...

#.$...†....# #.#
#.##..#J#..# #.#
#..#.#..####.#
#.<#{....... . ##
#.#.##.##### ..
...####.# #. .#
.####. #.# #. . .#
#. #.# ##.#.
###.####.# ....
.....o{o.
#..####{...{.{.
#.......# .#
##.###..# .# #o#
#..# l#
#.###..######.##
#...o..........#
###.#..##.###..#
###....##.###..##.#
#.@o...##.........#
#.#....######..####
#.#.#### .....
#.#.# #...... #.#.#
.##### #.#). .#
#.#.# # #. !# # # #
# # #!.#### #...^.
#...... .....##
.... . ... #


You could see an orc priest and an orc.

Vanquished Creatures
  A jelly (D:6)
  An adder (D:6)
  4 jackals (D:5)
6 creatures vanquished.

Notes
Turn   | Place    | Note
-------+----------+-------------------------------------------
     0 | D:5      | petzl the Formicid Delver began the quest for the Orb.
     0 | D:5      | Reached XP level 1. HP: 18/18 MP: 1/1
    14 | D:5      | Found a staircase to the Ecumenical Temple.
    21 | Temple   | Entered the Ecumenical Temple
    44 | D:6      | Noticed a scorpion
    52 | D:6      | Noticed an orc wizard
   105 | D:5      | Reached skill level 1 in Spellcasting
   105 | D:5      | Noticed an orc priest
   140 | D:6      | Reached XP level 2. HP: 10/24 MP: 3/5
   234 | D:6      | Found an iron altar of Okawaru.
   234 | D:6      | Noticed a centaur
   236 | D:6      | Noticed a steam dragon
   250 | D:5      | You fall into a shaft and drop 2 floors!
   348 | D:7      | Noticed a steam dragon
   427 | D:5      | You fall into a shaft and drop 1 floor!
   446 | D:6      | Reached XP level 3. HP: 7/29 MP: 5/7
   552 | D:6      | Killed from afar by an orc priest

Illustrated notes

Levels and vault maps discovered:
D:5:      layout_rooms, general_overflow_altar,
          minmay_temple_entry_purple_smoke, uniq_blork_the_orc
D:6:      layout_loops_ring, mainiacjoe_overflow_cross_hatched, uniq_sigmund,
          uniq_crazy_yiuf_cottage, uniq_prince_ribbit1
D:7:      layout_layer_cave, old_standard_altar, lemuel_tele_altar,
          minmay_misc_feat_more_columns
Temple:   hellmonk_temple_beads

Skill      XL: |  1  2 |
---------------+-------+-----
Spellcasting   | 2 3 |  3.2
Fighting       | |  3.2
Maces & Flails | |  2.0
Dodging        | |  1.7
Stealth        | |  6.0

Action                     || total
---------------------------++-------
  Melee: Mace              ||    23
Ability: Dig               ||     2
         Shaft Self        ||     2
 Armour: Leather armour    ||    18
  Dodge: Dodged            ||    27

Table legend: (Time is in decaauts)
 A = Elapsed time spent in this place.
 B = Non-inter-level travel time spent in this place.
 C = Inter-level travel time spent in this place.
 D = Time resting spent in this place.
 E = Time spent auto-exploring this place.
 F = Levels seen in this place.
 G = Mean time per level.
                   A        B        C        D        E       F      G
               +--------+--------+--------+--------+--------+-----+--------+
         Total |    559 |    559 |      0 |    255 |     62 |   4 |  139.8 |
       Dungeon |    551 |    551 |      0 |    255 |     62 |   3 |  183.7 |
        Temple |      7 |      7 |      0 |      0 |      0 |   1 |    7.0 |
               +--------+--------+--------+--------+--------+-----+--------+

Top non-repeatable levels by time:
     D:6: 287 daAuts
     D:5: 146 daAuts
     D:7: 117 daAuts
  Temple: 7 daAuts
